Selects Luftwaffe Battlegroup
Selects Luftwaffe Pioneer Support
Fallschirmpioneer Squad Paradrop
Construct Infanterie Kompanie
Fallschirmpioneer Squad Paradrop
Construct Panzergrenadier Kompanie
Pak 40 Anti-tank Gun Team
Selects Stuka Strafing Run
Selects Fallschirmjäger Squad Paradrop
Selects LG40 Recoilless Gun Paradrop
Pak 40 Anti-tank Gun Team
Construct Panzer Kompanie
Selects Infantry Reserves
Selects Fragmentation Bombs
Pak 40 Anti-tank Gun Team